 Dungeon Crawl Stone Soup version 0.27.1-2-g3b301248ec (webtiles) character file.

Game seed: 3339192944052126454

17 Descartes the Sneak (level 2, 0/16 HPs)
             Began as a Deep Elf Wanderer on Oct 3, 2021.
             Hit by a stone thrown by a kobold (2 damage)
             ... on level 1 of the Dungeon.
             The game lasted 00:02:15 (642 turns).

Descartes the Sneak (Deep Elf Wanderer)              Turns: 642, Time: 00:02:15

Health: 0/16       AC:  2    Str: 10    XL:     2   Next: 44%
Magic:  5/5        EV: 12    Int: 15    God:
Gold:   29         SH:  0    Dex: 14    Spells: 3/3 levels left

rFire    . . .     SeeInvis .   a - +2 falchion
rCold    . . .     Faith    .   (no shield)
rNeg     . . .     Spirit   .   d - +0 robe
rPois    .         Reflect  .   (no helmet)
rElec    .         Harm     .   (no cloak)
rCorr    .         Rampage  .   (no gloves)
Will     .....                  (no boots)
Stlth    ++........             (no amulet)
HPRegen  0.05/turn              (no ring)
MPRegen  0.09/turn              (no ring)

@: no status effects
A: no striking features
a: no special abilities


You were on level 1 of the Dungeon.
You visited 1 branch of the dungeon, and saw 1 of its levels.

You collected 29 gold pieces.

Inventory:

Hand Weapons
 a - a +2 falchion (weapon)
 b - a +0 short sword
 e - a +0 dagger
Missiles
 f - 46 arrows
 h - 26 stones (quivered)
 i - 15 bolts
Armour
 d - a +0 robe (worn)
Potions
 c - a potion of lignification
 g - 2 potions of curing {unknown}


   Skills:
 - Level 1.0 Fighting
 + Level 2.8 Long Blades
 + Level 2.7 Dodging
 + Level 3.8 Stealth
 + Level 1.0 Spellcasting
 + Level 0.8 Hexes
 + Level 0.7 Translocations
 - Level 1.1 Evocations


You had 3 spell levels left.
You didn't know any spells.
Your spell library contained the following spells:

 Spells                   Type           Power      Damage    Failure   Level
 Portal Projectile        Hex/Tloc       6%         N/A       47%         3
 Call Canine Familiar     Summ           0%         N/A       58%         3
 Leda's Liquefaction      Hex/Erth       1%         N/A       90%         4


Dungeon Overview and Level Annotations

Branches:
Dungeon (1/15)

Altars:


Message History

You hear a shout!
A kobold comes into view. It is wielding a +0 whip.
The frilled lizard bites you. The goblin misses you.
You hit the goblin.
You kill the goblin!
The frilled lizard closely misses you. The frilled lizard bites you.
Your Spellcasting skill increases to level 1!
You hit the hobgoblin.
The hobgoblin is almost dead.
The frilled lizard closely misses you. The hobgoblin closely misses you.
You riposte.
You hit the hobgoblin.
You kill the hobgoblin!
You hit the hobgoblin.
The hobgoblin is severely wounded.
The hobgoblin hits you. The frilled lizard misses you.
You riposte.
You barely miss the frilled lizard. You hit the hobgoblin.
The hobgoblin is almost dead.
The kobold barely misses you. The hobgoblin hits you.
The frilled lizard completely misses you.
You hit the hobgoblin.
You kill the hobgoblin!
The kobold hits you with a +0 whip.
An endoplasm comes into view.
The frilled lizard bites you. The kobold hits you with a +0 whip.
* * * LOW HITPOINT WARNING * * *
You are too injured to fight recklessly!
You are too injured to fight recklessly!
You are too injured to fight recklessly!
You are too injured to fight recklessly!
You are too injured to fight recklessly!
A hobgoblin comes into view.
The frilled lizard misses you.
You see here a scroll labelled GUQUCAL KUEME.
There is an open door here.
You hit the frilled lizard.
You kill the frilled lizard!
The kobold throws a stone.
The stone closely misses you.
The kobold throws a stone.
The stone hits you.
You die...

############ ...........#
........)..#
........)..################
...........'@.............# #
...........##############.###
.............# ######.#..
........K....# #....[.#..
......#.##...#######.........
#+####..>....................
.......?.....###......†......
.........#...###+###.....##..
.........$..............####+


You could see a kobold.

Vanquished Creatures
  2 bats (D:1)
  An endoplasm (D:1)
  A giant cockroach (D:1)
  2 goblins (D:1)
  3 hobgoblins (D:1)
  3 frilled lizards (D:1)
  4 kobolds (D:1)
  2 rats (D:1)
18 creatures vanquished.

Notes
Turn   | Place    | Note
-------+----------+-------------------------------------------
     0 | D:1      | Descartes the Deep Elf Wanderer began the quest for the
                  | Orb.
     0 | D:1      | Descartes set off with the following items: a +2 falchion,
                  | a +0 short sword, a potion of lignification, a +0 robe, a
                  | +0 dagger
     0 | D:1      | Reached XP level 1. HP: 12/12 MP: 3/3
   498 | D:1      | Reached XP level 2. HP: 16/16 MP: 5/5
   627 | D:1      | Reached skill level 1 in Spellcasting
   642 | D:1      | Hit by a stone thrown by a kobold

Illustrated notes

Levels and vault maps discovered:
D:1:      saegor_arrival_simple_a, layout_basic

Skill      XL: |  1  2 |
---------------+-------+-----
Spellcasting   | 1 |  1.0
Fighting       | |  1.0
Long Blades    | |  2.8
Dodging        | |  2.7
Stealth        | |  3.8
Hexes          | |  0.8
Translocations | |  0.7
Evocations     | |  1.1

Action                   || total
-------------------------++-------
Melee: Falchion          ||    46
 Stab: Sleeping          ||     3
Armor: Robe              ||     9
Dodge: Dodged            ||    30
       Rpst.: Falchion   ||     6
